 Dungeon Crawl Stone Soup version 0.26.1-11-gd32895ea62 (webtiles) character file.

Game seed: 10663613608383288842

78 Almogavar the Sneak (level 4, 0/30 HPs)
             Began as an Octopode Brigand on July 7, 2021.
             Killed from afar by an orc wizard (7 damage)
             ... with a magic dart
             ... on level 2 of the Dungeon.
             The game lasted 00:04:31 (1910 turns).

Almogavar the Sneak (Octopode Brigand)              Turns: 1910, Time: 00:04:32

Health: 0/30       AC:  1    Str: 10    XL:     4   Next: 36%
Magic:  4/4        EV: 13    Int: 13    God:
Gold:   84         SH:  0    Dex: 14    Spells: 3/3 levels left

rFire    . . .     SeeInvis .   a - +4 dagger
rCold    . . .     Faith    .   (no shield)
rNeg     . . .     Spirit   .   (helmet restricted)
rPois    .         Reflect  .   (no amulet)
rElec    .         Harm     .   (no ring)
rCorr    .         Rampage  .   (no ring)
Will     .....                  (no ring)
Stlth    +++++.....             (no ring)
HPRegen  0.10/turn              (no ring)
MPRegen  0.09/turn              (no ring)
                                (no ring)
                                (no ring)

@: hasted and slowed
A: almost no armour, stealthy swim, amphibious, 8 rings, constrict 8, camouflage
1, gelatinous body 1
a: no special abilities


You were on level 2 of the Dungeon.
You visited 1 branch of the dungeon, and saw 3 of its levels.

You collected 84 gold pieces.

Inventory:

Hand Weapons
 a - a +4 dagger (weapon)
Missiles
 b - 8 poisoned darts (quivered)
 c - 2 curare-tipped darts
Scrolls
 d - a scroll of remove curse
 k - a scroll of random uselessness {unknown}
 l - a scroll of amnesia {unknown}
 p - a scroll of immolation {unknown}
Potions
 e - 2 potions of brilliance
 h - a potion of heal wounds {unknown}
 i - a potion of flight {unknown}
 j - a potion of berserk rage {unknown}
 m - a potion of curing
 n - 2 potions of haste
 o - a potion of mutation {unknown}
 q - a potion of degeneration {unknown}


   Skills:
 + Level 2.5 Fighting
 + Level 2.1 Short Blades
 + Level 2.1 Throwing
 + Level 1.1 Dodging
 + Level 7.2 Stealth


You had 3 spell levels left.
You didn't know any spells.
Your spell library was empty.

Dungeon Overview and Level Annotations

Branches:
Dungeon (3/15)

Altars:
Makhleb


Innate Abilities, Weirdness & Mutations

You cannot wear most types of armour.
You are very stealthy in the water. (Stealth+)
You are amphibious.
You can wear up to eight rings at the same time.
You can use your tentacles to constrict eight enemies at once.
Your skin changes colour to match your surroundings (Stealth+).
Your rubbery body absorbs attacks. (AC +1, EV +1)


Message History

The orc wizard gestures wildly while chanting.
The orc wizard blinks!
Items here: )) [[ †.
There is a stone staircase leading down, spattered with blood here.
The orc wizard mumbles some strange words.
The orc wizard seems to speed up.
The orc wizard casts a spell.
The orc wizard blinks!
The orc wizard gestures wildly while chanting.
The orc wizard blinks!
It was a potion of haste.
You feel yourself speed up.
You feel yourself speed up.
The orc wizard gestures at you while chanting.
You feel yourself slow down.
The orc wizard hits you but does no damage.
The orc wizard barely misses you.
It was a potion of curing.
You feel better. The orc wizard casts a spell at you. The magic dart hits you!
You die...

########### #..†......#
#### #####.#######.# #...
....^.# #.# #.#. #######
#.########### #.#.
##########...@....>).#
#.#.
#...........o.######.#
#...
#.###########.######.###
#... #.#
#.............()..# #...
#.#
#.#############...####..#
#.# #.# #..o....... ##
#.# #.# #.#.####..# .#
#.# #.# #.#.# #..#
.###.## #.# #.#.# ##..#


You could see an orc wizard (fast).

Vanquished Creatures
  2 adders (D:2)
  2 oozes
  A worm (D:2)
  2 dart slugs
  2 leopard geckos
  3 orcs
  2 bats (D:1)
  3 giant cockroaches
  5 goblins
  6 hobgoblins
  6 kobolds
  5 rats
39 creatures vanquished.

Notes
Turn   | Place    | Note
-------+----------+-------------------------------------------
     0 | D:1      | Almogavar the Octopode Brigand began the quest for the Orb.
     0 | D:1      | Reached XP level 1. HP: 14/14 MP: 1/1
   241 | D:1      | Reached XP level 2. HP: 8/19 MP: 2/2
   298 | D:1      | Reached skill level 6 in Stealth
   697 | D:2      | Reached XP level 3. HP: 24/24 MP: 3/3
   852 | D:2      | Found a faded altar of an unknown god.
   953 | D:2      | Found a burning altar of Makhleb.
  1140 | D:2      | Reached skill level 7 in Stealth
  1750 | D:2      | Reached XP level 4. HP: 30/30 MP: 4/4
  1902 | D:2      | HP: 1/30 [orc wizard/magic dart (7)]
  1910 | D:2      | Killed from afar by an orc wizard

Illustrated notes

Levels and vault maps discovered:
D:1:      dpeg_arrival_long_road, layout_rooms, chequers_arboretum,
          minmay_liquid_box, minmay_strange_pillars, grunt_decor_fettered
D:2:      layout_loops_ring, nicolae_overflow_crystal_walls,
          chequers_ecumenical_altar_simple_redux
D:3:      layout_basic, fiery_altar_vehumet

Skill      XL: |  1  2  3 |
---------------+----------+-----
Stealth        | 6 7 |  7.2
Fighting       | |  2.5
Short Blades   | |  2.1
Throwing       | |  2.1
Dodging        | |  1.1

Action                   |  1- 3 |  4- 6 || total
-------------------------+-------+-------++-------
Melee: Dagger            |    54 |    14 ||    68
       Constrict         |    15 |     4 ||    19
       Tentacles         |     9 |     1 ||    10
  Use: Scroll            |       |     5 ||     5
       Potion            |       |     2 ||     2
 Stab: Sleeping          |    11 |     1 ||    12
Armor: Skin              |     2 |     4 ||     6
Dodge: Dodged            |    27 |    19 ||    46
